Map: [ESL] Oceanborn

Players

Kelazhur - Winner!

  • Race: Terran Terran
  • Spawn Location: 11:00

SpeCial

  • Race: Terran Terran
  • Spawn Location: 5:00

Event: ESL SC2 Masters 2023 Winter (Regional)

VOD

Have the link to the VOD?

Description

Time

  • Played on: Nov. 17, 2023, 2:08 p.m.
  • Length: 22:10

All games in this series

Show
View Real Time Build Order
Export as new Build Order

Kelazhur Terran - Winner!

Build Orders:  

Get SALT Encoding   

  12  0:00  SCV  
  13  0:12  SCV  
  14  0:17  Supply Depot  
  14  0:24  SCV  
  15  0:38  SCV  
  15  0:40  Barracks  
  16  0:44  Refinery  
  16  0:56  Barracks  
  16  0:59  SCV  
  17  1:07  Refinery  
  17  1:12  SCV  
  18  1:27  Reaper  
  18  1:29  Orbital Command  
  19  1:43  Supply Depot, Reaper  
  20  1:55  SCV  
  20  1:59  Reaper  
  22  2:08  Factory  
  22  2:10  SCV  
  22  2:15  Reaper  
  24  2:23  SCV  
  25  2:32  Reaper  
  26  2:41  SCV  
  26  2:46  Supply Depot  
  26  2:47  Reaper  
  27  2:52  Hellion  
  27  2:53  Starport  
  27  2:54  SCV  
  28  3:06  Reaper  
  28  3:08  SCV  
  30  3:14  Cyclone  
  32  3:20  SCV  
  33  3:29  Medivac  
  33  3:33  SCV  
  34  3:50  SCV  
  34  3:54  Command Center  
  34  3:55  Cyclone  
  37  4:01  Starport Tech Lab  
  37  4:03  SCV  
  37  4:07  Barracks Reactor, Supply Depot  
  38  4:15  SCV  
  39  4:24  Supply Depot, Refinery  
  39  4:29  Raven, SCV  
  40  4:41  SCV  
  40  4:44  Marine x2  
  40  4:45  Factory Tech Lab  
  37  4:53  SCV  
  37  4:54  Barracks Tech Lab  
  37  4:57  Interference Matrix  
  38  5:02  Marine x2  
  38  5:05  Raven, SCV  
  43  5:08  Orbital Command  
  43  5:12  Bunker  
  43  5:16  Marine  
  43  5:17  SCV  
  42  5:22  Marine x2  
  44  5:29  SCV  
  44  5:33  SCV  
  44  5:35  Siege Tank  
  45  5:41  SCV  
  46  5:43  Raven  
  46  5:45  SCV  
  46  5:47  Marine  
  46  5:48  Marine  
  46  5:49  Marine  
  51  5:53  SCV  
  51  5:56  Stimpack  
  53  5:57  SCV  
  54  6:05  Marine  
  54  6:06  Marine, SCV  
  54  6:09  SCV  
  58  6:13  Marine, Supply Depot  
  58  6:14  Engineering Bay  
  58  6:18  Siege Tank, SCV  
  63  6:21  SCV  
  63  6:24  Marine  
  62  6:28  Starport Reactor  
  62  6:30  SCV, Marine  
  62  6:31  Marine  
  65  6:33  SCV  
  65  6:39  Supply Depot  
  66  6:42  SCV  
  66  6:45  SCV  
  66  6:46  Marine  
  69  6:49  Command Center  
  69  6:52  Siege Tank  
  69  6:53  Terran Infantry Weapons Level 1  
  72  6:54  SCV  
  72  6:55  Marine  
  72  6:59  SCV  
  73  7:03  Marine x2  
  73  7:08  SCV  
  73  7:14  Viking x2  
  73  7:15  Missile Turret  
  78  7:17  Missile Turret, SCV  
  78  7:18  Marine  
  78  7:20  SCV  
  78  7:21  Marine  
  82  7:27  Supply Depot, Refinery  
  82  7:28  Siege Tank  
  85  7:31  SCV  
  85  7:36  SCV  
  86  7:40  Combat Shield  
  86  7:43  Marine x2  
  86  7:46  SCV  
  86  7:48  Viking, Marauder  
  89  7:53  SCV  
  90  8:03  Viking  
  92  8:05  Supply Depot  
  92  8:06  Barracks  
  92  8:10  Marauder, Marine x2  
  94  8:15  SCV  
  88  8:22  SCV  
  88  8:24  Viking  
  91  8:29  SCV  
  91  8:33  Viking  
  92  8:34  Marine x2  
  92  8:40  Siege Tank  
  94  8:42  Marauder  
  94  8:46  SCV  
  97  8:52  Missile Turret  
  97  8:54  Viking  
  91  9:03  Marauder  
  91  9:09  Viking  
  93  9:12  Siege Tank  
  93  9:13  SCV  
  93  9:14  Marine x2  
  93  9:15  Orbital Command  
  93  9:16  SCV  
  99  9:24  Marauder  
  99  9:25  SCV  
  97  9:31  SCV  
  97  9:33  Marine  
  97  9:34  Marauder  
  101  9:41  Marine  
  101  9:42  Concussive Shells  
  101  9:44  SCV  
  101  9:45  SCV  
  100  9:46  Marauder  
  100  9:47  SCV  
  91  9:55  Marauder  
  91  9:58  Marine  
  90  10:00  Medivac x2  
  90  10:01  Siege Tank  
  90  10:05  Barracks, Command Center  
  90  10:06  Barracks, Refinery  
  97  10:07  Marauder  
  97  10:09  Refinery  
  97  10:10  Marine  
  100  10:17  SCV x2  
  102  10:23  Marine  
  102  10:24  Marauder  
  102  10:28  SCV  
  106  10:29  SCV x2  
  106  10:30  Supply Depot  
  106  10:31  Barracks x3  
  106  10:32  Terran Infantry Armor Level 1  
  106  10:34  Marine  
  106  10:35  Marauder  
  111  10:40  SCV  
  111  10:41  Siege Tank  
  114  10:43  SCV x2  
  110  10:53  Viking x2  
  110  10:54  Barracks Tech Lab  
  110  10:55  Barracks Reactor, SCV  
  110  10:56  Marauder  
  113  10:58  Marauder  
  113  10:59  SCV  
  116  11:04  SCV  
  116  11:08  Marine x2  
  116  11:10  Armory  
  118  11:12  SCV x2  
  118  11:16  Marauder  
  118  11:17  Marauder  
  124  11:21  Supply Depot  
  124  11:31  Supply Depot x2  
  124  11:41  Barracks Tech Lab x2  
  124  11:42  Liberator x2  
  124  11:43  Marauder  
  132  11:48  SCV  
  132  11:52  Siege Tank  
  132  11:53  Marine x2, Marauder x2  
  142  11:58  Supply Depot  
  142  12:01  Supply Depot  
  142  12:04  Marauder x3  
  148  12:14  Marauder x2, Marine x3  
  155  12:24  Siege Tank  
  155  12:25  Liberator x2, Marauder  
  155  12:26  Terran Infantry Weapons Level 2, Starport  
  155  12:27  SCV x3  
  169  12:42  Fusion Core  
  169  12:45  Terran Vehicle Weapons Level 1  
  169  12:46  SCV x2  
  169  12:47  Refinery  
  169  12:48  SCV  
  169  12:50  Refinery  
  172  12:56  Sensor Tower  
  172  12:57  Sensor Tower  
  172  12:58  SCV  
  173  13:00  Marauder x2, Marine x2  
  173  13:01  Marauder  
  175  13:10  Marine x2  
  175  13:11  Marauder x2  
  160  13:22  Marine, Marauder x2  
  160  13:23  Marine, Marauder  
  160  13:24  Marine  
  160  13:26  Orbital Command  
  151  13:30  SCV x2  
  151  13:32  Marauder  
  155  13:39  Marauder  
  155  13:41  Medivac  
  152  13:42  Liberator  
  152  13:43  Marauder  
  152  13:44  Marauder  
  159  14:00  Marauder x2  
  156  14:06  Marine  
  156  14:07  Marauder x2  
  156  14:09  Siege Tank, Marauder  
  166  14:10  Liberator  
  166  14:13  Marine  
  166  14:21  Marauder x2  
  159  14:24  Liberator  
  159  14:27  Marine x2  
  159  14:28  Marauder x2  
  159  14:30  Marauder  
  170  14:34  SCV x3  
  173  14:40  Marine x2  
  173  14:42  Siege Tank  
  173  14:43  Marauder  
  180  14:47  Barracks Tech Lab, Marauder  
  180  14:50  Marauder  
  156  14:53  Liberator, Marine  
  156  14:54  Marine, Marauder x2  
  142  15:01  Marine x2  
  142  15:04  Marauder  
  142  15:05  Marine  
  139  15:07  Liberator  
  139  15:09  Marauder  
  139  15:11  Marine, Marauder  
  139  15:12  Terran Infantry Weapons Level 3  
  139  15:14  Siege Tank  
  142  15:15  Marauder x2  
  142  15:16  Viking  
  146  15:25  Marauder  
  146  15:28  Marine, Marauder  
  150  15:29  Marine  
  152  15:36  Marauder x2  
  152  15:39  Orbital Command, Marauder x2  
  160  15:43  Command Center  
  160  15:44  Advanced Ballistics  
  160  15:45  Terran Ship Weapons Level 1  
  160  15:50  SCV  
  160  15:51  SCV x2  
  160  15:57  Marauder  
  165  16:02  Viking x2  
  165  16:03  SCV x2  
  165  16:04  Viking  
  172  16:17  Marauder x2, Marine  
  175  16:24  Marauder x2  
  167  16:26  Marine x2  
  167  16:27  Marine, Marauder  
  149  16:34  SCV x2  
  149  16:35  Marine, SCV x2  
  149  16:38  Marauder  
  149  16:39  Marauder  
  153  16:44  Marine x2  
  153  16:45  Marine  
  153  16:46  SCV x2, Marauder x2  
  153  16:47  Marine, SCV x2  
  159  16:52  Marine  
  159  16:53  Liberator x3  
  170  16:59  Marine, Supply Depot  
  170  17:00  Marauder  
  173  17:01  Supply Depot  
  173  17:02  SCV x4, Marine x2  
  173  17:03  Marine  
  180  17:21  Marauder x3, SCV  
  187  17:27  Marauder  
  188  17:30  Marauder  
  188  17:34  Siege Tank  
  188  17:35  Liberator  
  188  17:37  Liberator  
  195  17:40  Liberator  
  195  17:43  Marauder  
  200  17:54  Starport x2  
  200  17:55  Starport  
  200  17:56  Planetary Fortress  
  200  17:59  Missile Turret  
  200  18:08  Command Center  
  200  18:10  Refinery  
  200  18:11  Refinery  
  200  18:43  Caduceus Reactor  
  200  18:45  Liberator  
  199  18:52  Starport Reactor x4  
  199  18:56  Terran Ship Weapons Level 2, Starport  
  199  18:59  Armory  
  188  19:37  Liberator x2  
  180  19:39  Viking x3  
  180  19:40  Liberator x2  
  180  19:44  Marauder x2  
  180  19:45  Marauder x3  
  161  19:47  Marine x4  
  161  19:48  Siege Tank  
  155  19:57  Orbital Command  
  155  19:58  SCV  
  155  19:59  SCV x3  
  159  20:03  Liberator  
  159  20:04  Liberator x2  
  159  20:05  Marine x4  
  159  20:06  Marine, Marauder x4  
  175  20:16  Viking  
  175  20:18  SCV  
  175  20:19  Refinery  
  175  20:20  Refinery  
  174  20:23  Marine x4  
  174  20:25  Marauder  
  174  20:27  Marauder x2  
  174  20:28  Marauder x2  
  186  20:38  Viking  
  186  20:40  Marine  
  186  20:41  Marine  
  166  20:45  Viking x3, Marine x2  
  166  20:46  Marauder  
  166  20:47  Viking x2  
  166  20:48  Marauder, Marine x2  
  166  20:49  Marauder  
  171  20:58  Viking, Marine x2  
  171  21:03  Marine x2  
  176  21:05  Viking x3  
  176  21:06  Marine x2  
  176  21:07  Marine  
  176  21:08  Viking  
  176  21:09  Marine x2  
  189  21:16  Marine x2  
  191  21:21  Viking, Marine x2  
  191  21:24  Marine x2  
  191  21:25  Refinery x2  
  192  21:36  Marauder x2  
  192  21:37  Siege Tank  
  192  21:38  Marauder, Marine  
  174  21:43  Marauder x2  
  174  21:45  Marine x2  
  140  21:48  Marine  
  131  21:56  SCV x2  
  131  21:57  SCV  
Show
View Real Time Build Order
Export as new Build Order

SpeCial Terran 

Build Orders: Cyclone Opening, Mech 

Get SALT Encoding   

  12  0:00  SCV  
  13  0:12  SCV  
  14  0:17  Supply Depot  
  14  0:24  SCV  
  15  0:39  Barracks, SCV  
  16  0:44  Refinery  
  16  0:51  SCV  
  16  0:53  Refinery  
  17  1:03  SCV  
  18  1:15  SCV  
  19  1:27  Orbital Command, Reaper  
  19  1:29  Supply Depot  
  20  1:41  Factory  
  20  1:53  SCV  
  21  1:59  Reaper  
  22  2:05  SCV  
  23  2:16  Command Center  
  23  2:19  SCV  
  24  2:25  Cyclone  
  26  2:31  Marine  
  27  2:38  SCV  
  27  2:47  Starport  
  27  2:50  SCV, Supply Depot  
  28  2:52  Marine  
  29  3:00  Cyclone  
  29  3:09  SCV  
  29  3:12  Marine  
  31  3:21  SCV  
  31  3:23  Starport Tech Lab  
  32  3:30  Marine  
  33  3:35  Cyclone  
  33  3:38  SCV  
  35  3:43  Banshee  
  35  3:48  Marine  
  38  3:51  SCV  
  38  3:52  Orbital Command  
  38  3:54  Cloaking Field  
  39  4:03  SCV  
  39  4:06  Barracks Reactor  
  40  4:12  Cyclone  
  43  4:17  SCV  
  43  4:18  SCV  
  43  4:21  Supply Depot  
  44  4:28  Refinery  
  46  4:39  SCV  
  46  4:42  SCV  
  44  4:51  SCV  
  43  4:54  SCV  
  43  4:57  Banshee  
  45  5:02  Cyclone  
  45  5:03  Cyclone, SCV, Hyperflight Rotors  
  45  5:06  SCV  
  51  5:08  Supply Depot  
  51  5:15  SCV  
  51  5:18  SCV  
  48  5:27  SCV  
  49  5:30  SCV  
  49  5:35  Cyclone x2  
  48  5:40  SCV  
  48  5:42  Banshee, SCV  
  51  5:52  Factory, SCV  
  51  5:53  Barracks Tech Lab  
  51  5:54  SCV  
  53  6:04  Command Center  
  53  6:07  SCV x2  
  55  6:15  Supply Depot  
  55  6:16  Cyclone  
  57  6:21  Cyclone  
  59  6:25  SCV  
  59  6:26  SCV  
  61  6:35  Refinery  
  61  6:36  Banshee  
  61  6:38  Supply Depot  
  64  6:42  SCV x2  
  64  6:43  Siege Tank  
  69  6:50  Hurricane Engines  
  69  6:54  SCV  
  69  6:55  Supply Depot  
  69  6:56  Supply Depot  
  69  6:59  SCV  
  69  7:00  Widow Mine x2  
  75  7:06  SCV  
  76  7:11  SCV  
  77  7:15  Siege Tank, Engineering Bay  
  77  7:18  Supply Depot, SCV  
  77  7:21  Factory  
  77  7:22  Banshee  
  84  7:25  Orbital Command  
  84  7:27  SCV  
  85  7:30  SCV  
  86  7:40  Cyclone x2  
  88  7:44  SCV  
  88  7:45  SCV  
  88  7:50  Missile Turret  
  90  7:53  Missile Turret  
  90  7:56  Siege Tank  
  87  8:00  SCV x2  
  87  8:02  SCV  
  90  8:12  Cyclone x2  
  85  8:23  SCV x2  
  85  8:26  Cyclone  
  89  8:28  Siege Tank  
  89  8:31  Banshee  
  91  8:38  SCV x2  
  91  8:41  Missile Turret  
  93  8:44  Cyclone x2  
  93  8:46  Orbital Command  
  97  8:49  Factory  
  97  8:50  SCV x2  
  99  9:00  Cyclone  
  99  9:02  SCV  
  100  9:09  SCV  
  97  9:14  SCV  
  97  9:15  SCV  
  97  9:17  Cyclone x2  
  103  9:18  Refinery  
  103  9:19  Refinery  
  103  9:21  SCV  
  104  9:26  SCV  
  104  9:27  SCV  
  104  9:30  Banshee  
  103  9:32  Siege Tank  
  103  9:34  Factory Tech Lab, Factory Reactor  
  103  9:37  SCV  
  103  9:38  SCV  
  108  9:39  SCV  
  108  9:41  Sensor Tower  
  107  9:49  Cyclone x2  
  105  9:58  SCV x2  
  105  9:59  SCV  
  106  10:03  Missile Turret  
  106  10:04  Siege Tank  
  109  10:08  Factory  
  109  10:11  Armory, Missile Turret  
  109  10:12  Missile Turret  
  109  10:16  Cyclone  
  109  10:17  Cyclone  
  109  10:19  SCV  
  109  10:20  SCV x2  
  109  10:21  Cyclone x2  
  120  10:26  Supply Depot  
  120  10:31  Supply Depot  
  120  10:32  Command Center  
  120  10:33  Siege Tank  
  122  10:51  Cyclone x2  
  122  10:52  Factory Tech Lab  
  123  10:58  Terran Vehicle Weapons Level 1  
  123  10:59  Siege Tank  
  123  11:02  SCV x3  
  129  11:05  Siege Tank  
  129  11:06  Sensor Tower  
  129  11:10  Supply Depot  
  132  11:13  Missile Turret  
  132  11:14  SCV x2  
  134  11:22  Siege Tank, Missile Turret  
  134  11:23  Hellion x2  
  141  11:28  Missile Turret  
  141  11:29  Hellion x2  
  141  11:30  Refinery  
  141  11:31  Siege Tank  
  148  11:34  Refinery  
  148  11:35  Infernal Pre-Igniter  
  148  11:50  Factory  
  148  11:52  Planetary Fortress, Factory x2  
  148  11:56  Hellion x2  
  154  12:01  Hellion  
  154  12:02  Missile Turret  
  154  12:05  Siege Tank  
  154  12:07  Siege Tank  
  160  12:12  Siege Tank  
  163  12:19  Missile Turret  
  163  12:23  Cyclone, Supply Depot x2  
  163  12:28  Missile Turret  
  165  12:30  Missile Turret  
  165  12:38  Siege Tank x2  
  165  12:40  Factory Tech Lab  
  165  12:42  Factory Reactor  
  171  12:44  Siege Tank, Hellion x2  
  171  12:45  Missile Turret  
  178  12:52  Starport Reactor  
  178  12:54  Armory  
  178  12:55  Terran Vehicle Weapons Level 2  
  178  12:59  Siege Tank  
  179  13:10  Cyclone x4  
  181  13:19  Thor  
  160  13:28  Siege Tank, Cyclone x3  
  153  13:41  Cyclone x2  
  153  13:42  Hellion x2, Cyclone x2  
  153  13:43  Viking  
  153  13:45  Viking  
  161  14:00  Hellion  
  163  14:04  Cyclone x2  
  163  14:05  Cyclone  
  163  14:09  Cyclone  
  168  14:22  Siege Tank x4  
  168  14:24  Hellion  
  171  14:26  Viking x2  
  171  14:29  Cyclone  
  171  14:30  Hellion  
  177  14:36  Hellion, Cyclone  
  181  14:40  SCV x3  
  181  14:45  Siege Tank, Cyclone  
  184  14:47  Cyclone  
  184  14:51  Cyclone  
  150  14:54  Hellion, Siege Tank, Cyclone  
  150  14:55  SCV x3  
  150  14:57  Cyclone  
  139  15:07  SCV  
  139  15:08  Cyclone  
  139  15:09  SCV x2  
  135  15:16  Siege Tank  
  139  15:21  Siege Tank  
  139  15:23  Hellion  
  139  15:24  Hellion  
  139  15:26  Siege Tank x2  
  153  15:32  Missile Turret  
  153  15:34  Terran Vehicle Weapons Level 3  
  151  15:37  Hellion x2  
  151  15:41  Terran Vehicle And Ship Armor Level 1  
  155  15:43  Siege Tank  
  155  15:46  Hellion  
  160  15:55  Thor  
  160  15:56  Hellion x2  
  166  16:00  Viking  
  168  16:07  Missile Turret  
  168  16:09  Viking  
  170  16:15  Hellion x2  
  172  16:21  Hellion, Cyclone  
  157  16:34  Orbital Command  
  157  16:40  Orbital Command  
  157  16:42  Hellion x2  
  153  16:47  Viking x2  
  153  16:53  Thor x2  
  167  16:54  Hellion x2  
  167  16:55  Hellion  
  173  17:06  Sensor Tower  
  173  17:14  Supply Depot  
  173  17:15  Hellion x2  
  173  17:16  Cyclone x2  
  173  17:30  Command Center  
  169  17:38  Thor  
  168  17:52  Thor  
  174  18:02  Thor  
  180  18:15  Hellion  
  181  18:31  Hellion  
  181  18:32  Cyclone  
  181  18:41  Siege Tank x3  
  189  18:54  Viking  
  189  18:55  Viking  
  193  19:07  Siege Tank  
  196  19:15  Hellion, Refinery x2  
  196  19:22  Missile Turret  
  195  19:32  Planetary Fortress, Siege Tank  
  195  19:34  Hellion x2  
  195  19:35  Hellion, Missile Turret  
  195  19:38  Hellion  
  195  19:41  Hellion  
  195  19:42  Thor x2  
  180  19:48  Cyclone  
  180  19:52  Cyclone  
  171  20:02  Cyclone  
  171  20:03  Cyclone  
  159  20:23  Cyclone x2  
  157  20:32  Cyclone  
  158  20:42  Cyclone x2  
  131  20:44  SCV  
  131  20:48  SCV x2  
  132  20:52  Viking  
  132  20:56  SCV  
  135  21:00  SCV  
  136  21:09  Cyclone x2  
  140  21:13  SCV  
  140  21:14  SCV x2  
  137  21:25  SCV  
  137  21:26  Cyclone, SCV x2  
  134  21:34  Cyclone  
  134  21:37  SCV  
Tags
 
Add a new tag
Caveats
  • Supply blocks, unpowered buildings, or Contaminate may cause inaccurate times.
  • Supply counts are checked every 10 seconds.